 Dungeon Crawl Stone Soup version 0.20.0-6-gd3061e9 (webtiles) character file.

112 SedStubbie the Sneak (level 4, -2/27 HPs)
             Began as an Octopode Enchanter on May 28, 2017.
             Slain by SedStubbie's ghost (4 damage)
             ... on level 3 of the Dungeon.
             The game lasted 00:05:36 (2644 turns).

SedStubbie the Sneak (Octopode Enchanter)           Turns: 2644, Time: 00:05:36

Health: -2/27      AC:  1    Str:  7    XL:     4   Next: 95%
Magic:  6/7        EV: 13    Int: 17    God:
Gold:   162        SH:  0    Dex: 13    Spells: 4/7 levels left

rFire    . . .     SeeInvis .   a - +1 dagger
rCold    . . .     Gourm    .   (no shield)
rNeg     . . .     Faith    .   (helmet restricted)
rPois    .         Spirit   .   k - amulet of rage
rElec    .         Reflect  .   g - ring of resist corrosion
rCorr    +         Harm     .   (no ring)
MR       .....                  (no ring)
Stlth    ++........             (no ring)
Regen    0.1/turn               (no ring)
MPRegen  0.1/turn               (no ring)
                                (no ring)
                                (no ring)

@: glowing
A: almost no armour, stealthy swim, amphibious, 8 rings, constrict 8, camouflage
1, gelatinous body 1
a: Evoke Berserk Rage


You were on level 3 of the Dungeon.
You were not hungry.

You visited 1 branch of the dungeon, and saw 3 of its levels.

You collected 162 gold pieces.

Inventory:

Hand Weapons
 a - a +1 dagger (weapon)
Jewellery
 g - a ring of resist corrosion (left tentacle)
 k - an amulet of rage (around mantle)
 E - an uncursed ring of protection from cold {unknown}
Scrolls
 d - 3 scrolls of remove curse {unknown}
 e - a scroll of blinking {unknown}
 B - a scroll of teleportation {unknown}
 C - a scroll of magic mapping {unknown}
 D - a scroll of enchant armour {unknown}
Potions
 f - 2 potions of curing {unknown}
 j - a potion of flight {unknown}
 l - a potion of heal wounds {unknown}
Books
 b - a book of Maledictions

   Spells                             Type                      Level
   a - Corona                         Hexes                        1
   b - Ensorcelled Hibernation        Hexes/Ice                    2
   c - Confuse                        Hexes                        3
   d - Tukima's Dance                 Hexes                        3
   e - Dazzling Spray                 Conjuration/Hexes            3
Comestibles
 c - 2 bread rations
 h - 4 fruits
 i - a royal jelly
 z - 2 meat rations
 A - a chunk of flesh


   Skills:
 - Level 1.0 Short Blades
 - Level 2.0 Dodging
 + Level 7.6 Stealth
 + Level 2.0 Spellcasting
 + Level 3.0 Hexes


You had 4 spell levels left.
You knew the following spells:

 Your Spells              Type           Power        Failure   Level  Hunger
a - Corona                Hex            ##.....      5%          1    #......
z - Ensorcelled Hibernat  Hex/Ice        #.....       16%         2    ###....


Dungeon Overview and Level Annotations

Branches:
Dungeon (3/15)

Altars:

Annotations:
D:3 SedStubbie's ghost, amateur OpEn


Innate Abilities, Weirdness & Mutations

You cannot wear most types of armour.
You are very stealthy in the water. (Stealth+)
You are amphibious.
You can wear up to eight rings at the same time.
You can use your tentacles to constrict eight enemies at once.
Your skin changes colour to match your surroundings (Stealth+).
Your rubbery body absorbs attacks. (AC +1, EV +1)


Message History

SedStubbie's ghost hits you.
You hit SedStubbie's ghost but do no damage.
SedStubbie's ghost is moderately damaged.
SedStubbie's ghost hits you.
* * * LOW HITPOINT WARNING * * *
You hit SedStubbie's ghost. You squeeze SedStubbie's ghost!
SedStubbie's ghost is heavily damaged.
SedStubbie's ghost hits you.
* * * LOW HITPOINT WARNING * * *
You hit SedStubbie's ghost. Your squeeze misses SedStubbie's ghost.
SedStubbie's ghost is severely damaged.
SedStubbie's ghost misses you.
You hit SedStubbie's ghost.
SedStubbie's ghost is severely damaged.
SedStubbie's ghost hits you.
* * * LOW HITPOINT WARNING * * *
You hit SedStubbie's ghost. Your squeeze misses SedStubbie's ghost.
SedStubbie's ghost is severely damaged.
SedStubbie's ghost hits you.
You die...

#............... #.......
##.............. #(......
#............... #...)...
#............... #....<..
#........................
#........................
#.......................#
#.............####.#.....
#.......@###### #.......
#....##..W...... ........
.... #......... ......
... #......... .... ..
#......... ....
#......... ... #.........
... #......... ... ...


You could see SedStubbie's ghost.

Vanquished Creatures
  Jessica (D:2)
  An adder (D:2)
  An ooze (D:3)
  3 worms (D:2)
  A dart slug (D:1)
  4 leopard geckos
  3 bats
  4 giant cockroaches
  8 goblins
  8 hobgoblins
  4 jackals (D:1)
  A quokka (D:2)
  3 frilled lizards
  5 kobolds
  8 rats
55 creatures vanquished.

Notes
Turn   | Place    | Note
-------+----------+-------------------------------------------
     0 | D:1      | SedStubbie the Octopode Enchanter began the quest for the Orb.
     0 | D:1      | Reached XP level 1. HP: 11/11 MP: 3/3
   235 | D:1      | Reached XP level 2. HP: 9/17 MP: 5/5
   439 | D:1      | Reached skill level 5 in Stealth
   834 | D:1      | Reached XP level 3. HP: 18/21 MP: 6/6
  1193 | D:1      | Reached skill level 6 in Stealth
  1230 | D:1      | Learned a level 2 spell: Ensorcelled Hibernation
  1393 | D:2      | Reached XP level 4. HP: 8/27 MP: 7/7
  1862 | D:2      | Reached skill level 7 in Stealth
  1984 | D:2      | Noticed Jessica
  1990 | D:2      | Killed Jessica
  2628 | D:3      | Noticed SedStubbie's ghost (amateur OpEn)
  2644 | D:3      | Slain by SedStubbie's ghost

Skill      XL: |  1  2  3  4 |
---------------+-------------+-----
Stealth        | 5 6 7 |  7.6
Short Blades   | |  1.0
Dodging        | |  2.0
Spellcasting   | |  2.0
Hexes          | |  3.0

Action                   |  1- 3 |  4- 6 || total
-------------------------+-------+-------++-------
Melee: Dagger            |    81 |    66 ||   147
       Constrict         |    22 |    12 ||    34
       Tentacles         |    10 |     7 ||    17
 Cast: Corona            |       |     1 ||     1
 Stab: Sleeping          |     8 |     7 ||    15
       Distracted        |     1 |       ||     1
  Eat: Chunk             |     1 |     4 ||     5
Armor: Skin              |    10 |     1 ||    11
Dodge: Dodged            |    64 |    34 ||    98
